 Dungeon Crawl Stone Soup version 0.19.1 (webtiles) character file.

34888 M4edhros the Martial Artist (level 13, -10/77 HPs)
             Began as an Octopode Necromancer on Dec 23, 2016.
             Was the Champion of Cheibriados.
             Mangled by a spiny frog (51 damage)
             ... summoned by a boggart
             ... on level 6 of the Lair of Beasts.
             The game lasted 01:05:24 (9441 turns).

M4edhros the Martial Artist (Octopode Necromancer)  Turns: 9441, Time: 01:05:25

Health: -10/77     AC:  1    Str: 25    XL:     13   Next: 80%
Magic:  13/22      EV: 26    Int: 34    God:    Cheibriados [******]
Gold:   944        SH:  9    Dex: 40    Spells: 8 memorised, 3 levels left

rFire  . . .     SeeInvis .       - Unarmed
rCold  + + .     Gourm    .     e - +0 buckler
rNeg   + . .     Faith    .     (helmet restricted)
rPois  +         Spirit   .     (no amulet)
rElec  .         Reflect  .     m - +3 ring of dexterity
rCorr  .         Harm     .     p - ring of protection from magic
MR     +....                    h - +3 ring of strength
Stlth  +++++++...               E - ring of protection from cold
                                J - ring of stealth (curse)
                                K - ring "Loajau" {rPois rF+ rN+ Dex+4}
                                V - +2 ring of dexterity
                                o - ring of ice

@: very slow
A: almost no armour, stealthy swim, amphibious, 8 rings, constrict 8, camouflage
1, frail 1, gelatinous body 1
a: Bend Time, Temporal Distortion, Slouch, Step From Time, Renounce Religion


You were on level 6 of the Lair of Beasts.
You worshipped Cheibriados.
Cheibriados was exalted by your worship.
You were not hungry.

You visited 2 branches of the dungeon, and saw 19 of its levels.
You also visited: Labyrinth.

You collected 1116 gold pieces.
You spent 172 gold pieces at shops.

Inventory:

Hand Weapons
 l - a +2 dagger of venom
 q - a +0 blowgun
Missiles
 r - 71 poisoned needles
 x - 4 curare-tipped needles
 D - a throwing net (quivered)
Armour
 e - a +0 buckler (worn)
Magical Staves
 y - an uncursed staff of power
Rods
 i - a -3 rod of shadows (13/13)
   (You found it in a labyrinth)
 N - a +4 lightning rod (14/14)
   (You found it in a labyrinth)
Jewellery
 h - a +3 ring of strength (on tentacle)
 m - a +3 ring of dexterity (left tentacle)
 o - a ring of ice (on tentacle)
 p - a ring of protection from magic (right tentacle)
 E - a ring of protection from cold (on tentacle)
 J - a cursed ring of stealth (on tentacle)
 K - the ring "Loajau" (on tentacle) {rPois rF+ rN+ Dex+4}
   (You found it on level 3 of the Lair of Beasts)

   [ring of positive energy]

   It affects your dexterity (+4).
   It protects you from fire.
   It protects you from poison.
   It protects you from negative energy.
 V - a +2 ring of dexterity (on tentacle)
Wands
 k - a wand of acid (6/15)
 u - a wand of heal wounds (4/9)
 v - a wand of iceblast (0/15)
 w - a wand of lightning (8/15)
 H - a wand of flame (28/48)
 P - a wand of polymorph (16/24)
 R - a wand of lightning (0/15)
Scrolls
 a - a scroll of magic mapping
 f - a scroll of holy word {unknown}
 z - a scroll of random uselessness {unknown}
 A - 5 scrolls of enchant weapon {unknown}
 B - 5 scrolls of amnesia {unknown}
 C - a scroll of torment {unknown}
 F - 2 scrolls of remove curse
 L - 3 scrolls of enchant armour {unknown}
 Q - 2 scrolls of summoning {unknown}
 U - a scroll of fear
 Z - a scroll of brand weapon {unknown}
Potions
 j - 2 potions of magic
 s - 3 potions of resistance
 t - 2 potions of brilliance
 G - a potion of might
 M - 3 potions of heal wounds
 T - a potion of invisibility
 Y - a potion of curing
Books
 n - a book of Flames

   Spells                             Type                      Level
   a - Flame Tongue                   Conjuration/Fire             1
   b - Throw Flame                    Conjuration/Fire             2
   c - Conjure Flame                  Conjuration/Fire             3
   d - Inner Flame                    Hexes/Fire                   3
   e - Sticky Flame                   Conjuration/Fire             4
   f - Fireball                       Conjuration/Fire             5
Comestibles
 b - 9 bread rations
 c - a chunk of flesh
 d - 2 beef jerkies
 g - 2 slices of pizza
 S - 20 fruits
 W - 4 meat rations


   Skills:
 - Level 7.0 Fighting
 + Level 9.2 Dodging
 - Level 8.3 Stealth
 + Level 5.3 Shields
 - Level 11.4 Unarmed Combat
 + Level 6.4 Spellcasting
 - Level 6.1 Summonings
 - Level 4.0 Necromancy
 - Level 4.5 Air Magic
 - Level 7.2 Invocations
 * Level 9.9 Evocations


You had 3 spell levels left.
You knew the following spells:

 Your Spells              Type           Power        Failure   Level  Hunger
a - Pain                  Necr           ####         1%          1    None
b - Animate Skeleton      Necr           N/A          1%          1    None
c - Regeneration          Chrm/Necr      ###.......   6%          3    None
d - Call Canine Familiar  Summ           ######..     1%          3    None
e - Summon Lightning Spi  Summ/Air       #####...     6%          4    ##.....
f - Animate Dead          Necr           N/A          10%         4    ##.....
g - Confusing Touch       Hex            ##....       4%          1    None
h - Summon Ice Beast      Ice/Summ       #####...     12%         4    ##.....


Dungeon Overview and Level Annotations

Branches:
Dungeon (13/15)              Lair (6/6) D:11          Swamp (0/4) Lair:4
 Spider (0/4) Lair:4        Slime (0/5) Lair:5          Orc (0/2) D:12
 Vaults (0/5) D:13
 Temple: D:4-7

Altars:
Ashenzari
Cheibriados
Hepliaklqana
Xom
The Shining One

Shops:
D:12 *

Annotations:
D:10 Morrissey's ghost, journeyman TrHu


Innate Abilities, Weirdness & Mutations

You cannot wear most types of armour.
You are very stealthy in the water. (Stealth+)
You are amphibious.
You can wear up to eight rings at the same time.
You can use your tentacles to constrict eight enemies at once.
Your skin changes colour to match your surroundings (Stealth+).
Your rubbery body absorbs attacks. (AC +1, EV +1)
You are frail. (-10% HP)


Message History

The dream sheep barely misses your wolf zombie.
Unknown command.
The spiny frog misses your hornet zombie.
Your wolf zombie closely misses the spiny frog.
Your hornet zombie barely misses the spiny frog.
The dream sheep ruffle their wool and motes of dream dust sparkle, to no effect.
The spiny frog closely misses your hornet zombie.
The dream sheep bites your wolf zombie!
The dream sheep barely misses your wolf zombie.
Your wolf zombie closely misses the dream sheep.
The dream sheep shake their wool and sparkle.
You feel drowsy...
You fall asleep.
Your hornet zombie hits the spiny frog.
The spiny frog stings your hornet zombie!
Your hornet zombie is destroyed!
The dream sheep bites your wolf zombie but does no damage.
Your wolf zombie bites the dream sheep!
The dream sheep bites your wolf zombie. x2
Your wolf zombie crumbles into dust!
The spiny frog stings you!!!
You wake up.
Ouch! That really hurt!
You die...

........♣♣♣ ♣...
...♣..♣...♣♣♣♣♣...♣
...♣♣♣♣♣♣..♣...♣
..Z♣ ♣♣..)..♣♣♣♣ .♣
♣♣♣♣ ♣♣♣..).♣.♣♣
♣... ♣♣♣♣Z...♣♣..♣
♣♣.ZY...♣ ♣♣ZY...♣♣
♣@FYY...♣
♣...Z♣♣.....♣
....♣♣♣♣ ♣♣♣♣..
♣♣♣♣♣ ♣


You could see a spiny frog, 4 dream sheep, a friendly wolf zombie, a friendly
redback zombie and a friendly spriggan zombie.

Vanquished Creatures
  A minotaur (Lab)
  Josephine (Lair:5)
  An ice dragon (Lair:4)
  3 hydras
  A centaur warrior (D:13)
  A tengu warrior (D:13)
  4 hill giants
  A wolf spider (Lair:4)
  3 elephants
  2 black mambas
  A kobold demonologist (D:12)
  6 spiny frogs
  A centaur skeleton (D:12)
  A tengu conjurer (D:13)
  A komodo dragon (Lair:1)
  3 meliai
  6 polar bears
  3 hornets
  2 hippogriffs (Lair:3)
  3 slime creatures (D:12)
  2 wyverns
  9 spriggans (Lair:6)
  3 wraiths (Lair:5)
  A vampire (D:13)
  A redback (Lair:6)
  A hungry ghost (D:11)
  A basilisk (Lair:1)
  20 yaks
  5 vampire mosquitoes
  12 water moccasins
  9 porcupines
  An orc warrior (D:13)
  5 ice beasts
  A sky beast (D:11)
  A black bear (D:11)
  2 phantoms
  18 wolves
  A boggart (Lair:6)
  An eye of draining (D:12)
  5 ogres
  4 centaurs
  3 crocodiles
  12 bullfrogs
  3 scorpions
  A wyvern skeleton (D:5)
  4 killer bees (D:9)
  5 wights
  4 howler monkeys
  2 crimson imps (D:7)
  6 hounds
  4 jellies
  2 orc priests (D:7)
  2 iguanas
  5 orc wizards
  5 worker ants
  A hound zombie (D:5)
  A worker ant zombie (D:5)
  4 gnolls (D:5)
  7 adders
  A shadow imp (D:9)
  2 white imps (Lair:4)
  An ooze (D:1)
  A worm (D:2)
  2 dart slugs
  4 leopard geckos
  24 orcs
  5 bats
  4 giant cockroaches
  2 goblins
  6 hobgoblins
  7 quokkas
  5 ball pythons
  7 frilled lizards
  A giant cockroach zombie (D:6)
  2 kobolds
  A leopard gecko skeleton (D:5)
  A quokka skeleton (D:5)
  2 quokka zombies
  6 rats
303 creatures vanquished.

Vanquished Creatures (collateral kills)
  Rupert (Lair:5)
  A hydra (Lair:1)
  An unseen horror (D:13)
  3 hill giants
  7 elephants
  A komodo dragon (Lair:4)
  A rime drake (Lair:6)
  A troll (D:13)
  2 hornets (Lair:6)
  A polar bear (Lair:6)
  4 hippogriffs
  7 yaks
  3 spriggans (Lair:6)
  A basilisk (Lair:6)
  2 porcupines
  5 wolves
  2 ogres
  2 crocodiles (Lair:4)
  A bullfrog (Lair:2)
  3 killer bees
  2 crimson imps
  A hound (D:4)
  A jelly (Lair:5)
  An orc priest (D:13)
  3 iguanas
  2 orc wizards
  A killer bee zombie (D:7)
  2 adders (D:4)
  An ooze (Lair:5)
  An adder skeleton (D:9)
  4 orcs
  3 fungi
  2 plants
73 creatures vanquished.

Vanquished Creatures (others)
  A phantom (D:6)
  7 fungi (Lair:6)
  6 plants (Lair:6)
14 creatures vanquished.

Grand Total: 390 creatures vanquished

Notes
Turn   | Place    | Note
-------+----------+-------------------------------------------
     0 | D:1      | M4edhros the Octopode Necromancer began the quest for the Orb.
     0 | D:1      | Reached XP level 1. HP: 11/11 MP: 3/3
    23 | D:1      | Reached skill level 1 in Unarmed Combat
    59 | D:1      | Reached XP level 2. HP: 5/17 MP: 0/5
   116 | D:1      | Reached skill level 2 in Unarmed Combat
   360 | D:1      | Found a shimmering altar of Xom.
   442 | D:2      | Reached XP level 3. HP: 8/21 MP: 3/6
   445 | D:2      | Learned a level 1 spell: Animate Skeleton
   449 | D:2      | Learned a level 3 spell: Regeneration
   566 | D:2      | Reached skill level 3 in Unarmed Combat
   711 | D:2      | Reached XP level 4. HP: 13/27 MP: 7/7
   777 | D:3      | Found a snail-covered altar of Cheibriados.
   784 | D:3      | Became a worshipper of Cheibriados the Contemplative
  1084 | D:3      | Found a glowing drain.
  1144 | D:3      | Found a faded altar of an unknown god.
  1206 | D:2      | Reached skill level 4 in Unarmed Combat
  1291 | D:2      | You fall through a shaft for 2 floors!
  1351 | D:4      | Reached XP level 5. HP: 29/31 MP: 0/8
  1369 | D:4      | Reached * piety under Cheibriados
  1398 | D:4      | Learned a level 3 spell: Call Canine Familiar
  1416 | D:4      | Reached skill level 5 in Unarmed Combat
  1498 | D:4      | Reached XP level 6. HP: 29/37 MP: 6/9
  1503 | D:4      | Noticed a phantom
  1525 | D:5      | Entered Level 5 of the Dungeon
  1676 | D:5      | Found a shattered altar of Ashenzari.
  1715 | D:5      | Reached skill level 1 in Summonings
  1721 | D:5      | Reached skill level 1 in Fighting
  1932 | D:6      | Reached XP level 7. HP: 36/43 MP: 8/10
  2109 | D:6      | Reached ** piety under Cheibriados
  2193 | D:5      | Reached skill level 5 in Stealth
  2212 | D:5      | Reached skill level 6 in Unarmed Combat
  2401 | D:4      | Found a hazy altar of Hepliaklqana.
  2709 | D:6      | Reached XP level 8. HP: 44/50 MP: 5/11
  3015 | D:7      | Reached *** piety under Cheibriados
  3344 | D:8      | Reached skill level 7 in Unarmed Combat
  3432 | D:8      | Reached XP level 9. HP: 57/57 MP: 7/12
  3915 | D:9      | Reached **** piety under Cheibriados
  3992 | D:9      | Reached skill level 1 in Invocations
  4011 | D:9      | Learned a level 4 spell: Summon Lightning Spire
  4050 | D:9      | You fall through a shaft for 2 floors!
  4100 | D:11     | Noticed a hill giant
  4111 | D:11     | Killed a hill giant
  4111 | D:11     | Reached skill level 8 in Unarmed Combat
  4111 | D:11     | Reached skill level 1 in Air Magic
  4119 | D:11     | Reached skill level 5 in Dodging
  4225 | D:11     | Found a staircase to the Lair.
  4225 | D:11     | Noticed an elephant
  4242 | D:11     | Killed an elephant
  4242 | D:11     | Reached XP level 10. HP: 58/65 MP: 9/13
  4295 | D:11     | Noticed a hill giant
  4306 | D:11     | Reached ***** piety under Cheibriados
  4309 | D:11     | Killed a hill giant
  4453 | D:10     | Entered Level 10 of the Dungeon
  4534 | D:10     | Noticed a hill giant
  4534 | D:10     | Reached skill level 5 in Fighting
  4545 | D:10     | Noticed Morrissey's ghost (journeyman TrHu)
  4617 | D:11     | Reached skill level 9 in Unarmed Combat
  4673 | D:12     | Found a glowing golden altar of the Shining One.
  4701 | D:12     | Noticed a hill giant
  4741 | D:12     | Killed a hill giant
  4741 | D:12     | Reached skill level 5 in Summonings
  4741 | D:12     | Reached skill level 5 in Invocations
  4864 | D:12     | Found Qojadgh's General Store.
  4889 | D:12     | Bought a potion of invisibility for 120 gold pieces
  4889 | D:12     | Bought a scroll of fear for 52 gold pieces
  4941 | D:12     | Noticed a hill giant
  4952 | D:12     | Killed a hill giant
  4991 | D:12     | Found a staircase to the Orcish Mines.
  5008 | D:13     | Noticed a centaur warrior
  5029 | D:13     | Killed a centaur warrior
  5029 | D:13     | Reached XP level 11. HP: 23/72 MP: 12/15
  5068 | D:13     | Noticed a tengu warrior
  5078 | D:13     | Killed a tengu warrior
  5099 | D:13     | Noticed a hill giant
  5102 | D:13     | Noticed a hill giant
  5106 | D:13     | Killed an unseen horror
  5109 | D:13     | Killed a hill giant
  5118 | D:13     | Killed a hill giant
  5118 | D:13     | Reached skill level 10 in Unarmed Combat
  5167 | D:13     | Noticed a deep elf mage
  5168 | D:13     | Found a gate to the Vaults.
  5189 | D:13     | Found a labyrinth entrance.
  5193 | Lab      | Entered a labyrinth
  6395 | Lab      | Noticed a minotaur
  6411 | Lab      | Killed a minotaur
  6415 | Lab      | Identified Qimnoim's Reference Book on Malediction
  6415 | Lab      | Identified the Volume of Dark Arts
  6418 | Lab      | Identified a -3 rod of shadows (13/13) (You found it in a labyrinth)
  6518 | D:13     | Noticed a manticore
  6533 | D:12     | Reached skill level 1 in Evocations
  6621 | D:11     | Noticed a hill giant
  6632 | D:11     | Killed a hill giant
  6671 | D:11     | Reached ****** piety under Cheibriados
  6886 | Lair:1   | Entered Level 1 of the Lair of Beasts
  6914 | Lair:1   | Noticed a five-headed hydra
  6921 | Lair:1   | Killed a five-headed hydra
  6921 | Lair:1   | Reached XP level 12. HP: 18/80 MP: 3/17
  7027 | Lair:1   | Reached skill level 11 in Unarmed Combat
  7047 | Lair:1   | Learned a level 4 spell: Animate Dead
  7354 | Lair:2   | Learned a level 1 spell: Confusing Touch
  7360 | Lair:2   | Reached skill level 5 in Evocations
  7739 | Lair:3   | Got a shimmering lapis lazuli ring
  7740 | Lair:3   | Identified the ring "Loajau" {rPois rF+ rN+ Dex+4} (You found it on level 3 of the Lair of Beasts)
  8051 | Lair:4   | Gained mutation: You have supernaturally acute eyesight. (SInv) [potion of mutation]
  8051 | Lair:4   | Gained mutation: You are frail. (-10% HP) [potion of mutation]
  8051 | Lair:4   | Lost mutation: You have supernaturally acute eyesight. (SInv) [potion of mutation]
  8081 | Lair:4   | Noticed an eight-headed hydra
  8094 | Lair:4   | Killed an eight-headed hydra
  8094 | Lair:4   | Reached skill level 1 in Shields
  8178 | Lair:4   | Found a staircase to the Swamp.
  8235 | Lair:5   | Noticed Rupert
  8386 | Lair:4   | Noticed an eight-headed hydra
  8391 | Lair:4   | Noticed an ice dragon
  8410 | Lair:4   | Killed an ice dragon
  8410 | Lair:4   | Reached skill level 5 in Spellcasting
  8410 | Lair:4   | Reached XP level 13. HP: 32/77 MP: 11/20
  8468 | Lair:4   | Found a hole to the Spider Nest.
  8603 | Lair:5   | Learned a level 4 spell: Summon Ice Beast
  8653 | Lair:5   | Noticed Josephine
  8660 | Lair:5   | Killed Josephine
  8845 | Lair:5   | Found a staircase to the Slime Pits.
  8866 | Lair:5   | Killed Rupert
  8917 | Lair:6   | Entered Level 6 of the Lair of Beasts
  9218 | Lair:6   | Reached skill level 5 in Shields
  9441 | Lair:6   | Mangled by a spiny frog

Skill      XL: |  1  2  3  4  5  6  7  8  9 10 11 12 13 |
---------------+----------------------------------------+-----
Unarmed Combat | 1 2 3 4 5 6 7 8 9 10 11 | 11.4
Stealth        | 3 4 5 8 |  8.3
Summonings     | 1 2 3 4 5 6 |  6.1
Fighting       | 1 2 3 4 5 6 7 |  7.0
Dodging        | 3 4 5 6 8 9 |  9.2
Invocations    | 3 6 7 |  7.2
Air Magic      | 2 3 4 |  4.5
Evocations     | 3 7 9 |  9.9
Spellcasting   | 3 5 6 |  6.4
Shields        | 3 5 |  5.3
Necromancy     | |  4.0

Action                   |  1- 3 |  4- 6 |  7- 9 | 10-12 | 13-15 || total
-------------------------+-------+-------+-------+-------+-------++-------
Melee: Unarmed           |    11 |       |   103 |   270 |   119 ||   503
       Punch             |     2 |     3 |     8 |    52 |    32 ||    97
       Constrict         |     6 |    28 |    33 |    53 |    27 ||   147
       Dagger            |    10 |   104 |    54 |    25 |     9 ||   202
       Tentacles         |     1 |    19 |    54 |   125 |    55 ||   254
 Fire: Blowgun           |       |       |       |       |     6 ||     6
 Cast: Pain              |    34 |     3 |     3 |     5 |       ||    45
       Regeneration      |     3 |    12 |    26 |    55 |    26 ||   122
       Animate Skeleton  |     1 |    10 |    19 |    38 |    10 ||    78
       Call Canine Famil |       |       |     3 |     3 |       ||     6
       Summon Lightning  |       |       |       |    24 |     7 ||    31
       Animate Dead      |       |       |       |     2 |     5 ||     7
       Summon Ice Beast  |       |       |       |       |     9 ||     9
       Confusing Touch   |       |       |       |       |     3 ||     3
Invok: Slouch            |       |       |       |     1 |     3 ||     4
Evoke: Wand              |       |       |     1 |     4 |     5 ||    10
       Box of beasts     |       |       |       |     1 |       ||     1
  Use: Scroll            |       |     5 |     6 |     8 |     1 ||    20
       Potion            |       |     1 |     2 |    13 |     1 ||    17
 Stab: Sleeping          |     2 |    10 |    17 |    22 |     9 ||    60
       Distracted        |       |       |     3 |    14 |     3 ||    20
       Invisible         |       |       |       |     1 |       ||     1
       Confused          |       |       |       |       |     4 ||     4
  Eat: Chunk             |       |     2 |     4 |    11 |     4 ||    21
       Bread ration      |       |     1 |       |       |       ||     1
       Meat ration       |       |       |     2 |     1 |       ||     3
Armor: Skin              |       |     4 |    13 |    24 |     5 ||    46
Dodge: Dodged            |     9 |    64 |   103 |   260 |   167 ||   603
Block: Buckler           |       |       |       |       |     2 ||     2
